 Dungeon Crawl Stone Soup version 0.20.1-1-g8b1a95d (webtiles) character file.

98352 Gargoyl the Severer (level 15, -16/138 (139) HPs)
             Began as a Minotaur Abyssal Knight on July 17, 2017.
             Was the Champion of Lugonu.
             Demolished by a white very ugly thing (38 damage)
             ... on level 1 of the Depths.
             The game lasted 00:51:53 (25917 turns).

Gargoyl the Severer (Minotaur Abyssal Knight)      Turns: 25917, Time: 00:51:54

HP:   -16/138 (139) AC: 41    Str: 14 (15) XL:     15   Next: 74%
MP:   23/23         EV: 11    Int:  8 (9)  God:    Lugonu [******]
Gold: 1571          SH:  0    Dex: 16      Spells: 14/14 levels left

rFire    . . .     SeeInvis +   z - +1 battleaxe (elec)
rCold    . . .     Gourm    .   (shield currently unavailable)
rNeg     . . .     Faith    .   d - +27 Lear's hauberk
rPois    +         Spirit   .   (helmet currently unavailable)
rElec    .         Reflect  .   (no cloak)
rCorr    .         Harm     .   (gloves currently unavailable)
MR       +....     Rnd*Rage +   (boots currently unavailable)
Stlth    ..........             (no amulet)
Regen    0.4/turn               q - ring of poison resistance
MPRegen  0.2/turn               H - +4 ring of slaying

@: no status effects
A: retaliatory headbutt, horns 2, thin skeletal structure 1, see invisible,
berserk 1, deterioration 2, weak 2, MP-powered wands
a: Depart the Abyss, Bend Space, Banish, Corrupt, Enter the Abyss, Brand Weapon
With Distortion, Renounce Religion


You were on level 1 of the Depths.
You worshipped Lugonu.
Lugonu was exalted by your worship.
You were not hungry.

You visited 4 branches of the dungeon, and saw 24 of its levels.
You visited the Abyss 1 time.
You also visited: Sewer.

You collected 2424 gold pieces.
You spent 853 gold pieces at shops.

Inventory:

Hand Weapons
 z - a +1 battleaxe of electrocution (weapon)
 C - a +5 hand axe of electrocution
 F - a +3 war axe
 J - a +3 battleaxe of venom
 M - a +0 broad axe
Missiles
 L - 4 javelins of penetration (quivered)
Armour
 d - the +27 Lear's hauberk (worn)
   (You acquired it on level 2 of the Abyss)
 V - a +2 pair of boots
 W - a +0 hat of see invisible
 Y - a +0 pair of gloves
Jewellery
 g - an uncursed ring of protection from fire
 o - the ring of Interdependent Arising {rF++ AC+1}
   (You found it on level 14 of the Dungeon)

   [ring of protection]

   It affects your AC (+1).
   It greatly protects you from fire.
 q - a ring of poison resistance (left hand)
 s - an uncursed ring of ice
 D - an uncursed ring of resist corrosion {unknown}
 H - a +4 ring of slaying (right hand)
 I - an uncursed ring of flight
 T - an uncursed ring of positive energy
 U - an uncursed ring of protection from cold
Wands
 a - a wand of paralysis (6/24)
 y - a wand of enslavement (16/24)
Scrolls
 k - a scroll of fog
 l - 12 scrolls of remove curse
 m - 3 scrolls of blinking
 n - 2 scrolls of holy word
 u - 6 scrolls of magic mapping
 w - 11 scrolls of teleportation
 x - 5 scrolls of identify
 A - a scroll of recharging
 G - a scroll of fear
 K - 2 scrolls of silence
 N - a scroll of enchant weapon
Potions
 e - 8 potions of curing
 h - 3 potions of haste
 i - 11 potions of flight
 p - 3 potions of might
 r - 5 potions of agility
 t - 10 potions of heal wounds
 B - 6 potions of invisibility
 E - a potion of brilliance
 P - 2 potions of cancellation
Comestibles
 b - 49 fruits
 c - 18 bread rations
 f - 14 meat rations
 j - 9 royal jellies
 v - 3 chunks of flesh


   Skills:
 + Level 14.4 Fighting
 + Level 17.7 Axes
 + Level 0.6 Throwing
 * Level 17.2 Armour
 + Level 7.7 Dodging
 - Level 0.5 Stealth
   Level 0.5 Shields
 * Level 12.5 Invocations


You had 14 spell levels left.
You didn't know any spells.

Dungeon Overview and Level Annotations

Branches:
Dungeon (15/15)            Temple (0/1) D:4            Lair (6/6) D:10
  Swamp (0/4) Lair:4       Spider (0/4) Lair:4        Slime (0/5) Lair:6
    Orc (2/2) D:12            Elf (0/3) Orc:2        Vaults (0/5) D:13
 Depths (1/5) D:15

Altars:
Ashenzari
Elyvilon
Fedhas
Gozag
Hepliaklqana
Makhleb
Nemelex Xobeh
Okawaru
Qazlal
Sif Muna
Trog
Uskayaw
Xom
Zin
The Shining One
Beogh

Shops:
D:6 !   D:11 [   Orc:2 }?*=

Portals:
Trove: D:14 (give 6 potions of haste)


Innate Abilities, Weirdness & Mutations

You reflexively headbutt those who attack you in melee.
You have a pair of horns on your head.
You have a somewhat thin skeletal structure. (Dex +2, Stealth)
You have supernaturally acute eyesight. (SInv)
You tend to lose your temper in combat.
Your body often deteriorates upon taking damage.
You are very weak. (Str -4)
You expend magic power (3 MP) to strengthen your wands.


Message History

You hit the white very ugly thing but do no damage.
The white very ugly thing basks in the mutagenic energy from its kin and changes!
The white very ugly thing tail-slaps you.
The white very ugly thing freezes you!!
* * * LOW HITPOINT WARNING * * *
Your body deteriorates!
You feel dopey.
A white very ugly thing comes into view.
Unknown command.
The white very ugly thing gurgles horribly!
You slash the white very ugly thing!
The white very ugly thing is moderately wounded.
The white very ugly thing barely misses you.
You slash the white very ugly thing!
The white very ugly thing is moderately wounded.
You slash the white ugly thing!
The white ugly thing gores you but does no damage.
The white very ugly thing tail-slaps you!
* * * LOW HITPOINT WARNING * * *
The white very ugly thing freezes you!!!
You die...

.........###
...u.......#
...u.......#
...u.......###
......u......###
................#
......uu.........#
......)@..........#
......).###........
.........#.........
...................
.##..###...........
##.###..........#
................#
###.#####.......#
##.###....###.#


You could see 4 very ugly things and 2 ugly things.

Vanquished Creatures
  A frost giant (Depths:1)
  2 very ugly things (Depths:1)
  2 stone giants
  2 ettins
  3 fire dragons
  An ogre mage (D:13)
  A yaktaur captain (D:15)
  Fannar (D:12)
  Harold (D:10)
  3 vault guards (D:13)
  4 two-headed ogres
  3 centaur warriors
  A queen ant (Lair:5)
  4 tengu warriors
  A death knight (D:14)
  5 orc high priests (Orc:2)
  Sonja (D:14)
  5 skeletal warriors (D:15)
  A deep elf archer (D:13)
  A wizard (D:13)
  A necromancer (D:10)
  6 orc knights
  A lindwurm (Lair:6)
  13 ugly things
  An orb spider (Lair:4)
  2 orc sorcerers (Orc:2)
  A wolf spider (D:15)
  2 deep elf magi
  4 cyclopes
  An elephant (D:10)
  7 black mambas
  2 molten gargoyles (Lair:6)
  A gargoyle (D:13)
  7 spiny frogs
  10 komodo dragons
  9 rime drakes (Lair:4)
  A kobold demonologist (D:15)
  3 yaktaurs
  5 tengu conjurers
  An efreet (D:13)
  2 trolls
  16 slime creatures
  A hornet (D:10)
  13 hippogriffs
  14 blink frogs
  A meliai zombie (D:13)
  A vampire (D:10)
  2 shadows
  42 yaks
  3 wraiths
  5 wyverns
  A human (D:9)
  6 basilisks
  4 hogs (D:9)
  3 hungry ghosts
  7 steam dragons
  Menkaure (D:6)
  7 vampire mosquitoes
  3 wargs
  A two-headed ogre zombie (D:12)
  An acid dragon (D:11)
  Edmund (D:5)
  26 soldier ants
  11 porcupines
  9 water moccasins
  4 hell hounds (Lair:6)
  36 orc warriors
  A swamp drake (Lair:4)
  2 ice beasts
  A sky beast (D:9)
  2 black bears
  19 ogres
  An eye of draining (D:13)
  A necrophage (D:13)
  A phantom (D:7)
  7 centaurs
  13 crocodiles
  4 big kobolds
  12 bullfrogs
  A wyvern zombie (D:13)
  A water moccasin zombie (D:7)
  3 scorpions
  A water moccasin skeleton (D:9)
  2 troll zombies (D:12)
  15 killer bees
  4 wights (D:12)
  4 howler monkeys
  A bullfrog zombie (D:12)
  3 electric eels (Lair:1)
  3 crimson imps
  4 lava snakes (Lair:6)
  3 centaur zombies
  A quasit (D:11)
  4 bullfrog skeletons
  31 orc priests
  5 hounds
  4 jellies
  29 orc wizards
  6 centaur skeletons
  Terence (D:2)
  6 iguanas
  2 hell rats (Lair:3)
  26 worker ants
  5 yak simulacra (D:10)
  2 polar bear simulacra (D:10)
  5 ogre zombies (D:12)
  2 hound zombies
  3 hound skeletons
  Robin (D:3)
  A worker ant zombie (D:5)
  10 gnolls (D:7)
  8 river rats (Lair:3)
  18 adders
  3 shadow imps
  2 oozes
  3 adder skeletons
  An adder zombie (D:9)
  7 worms
  A dart slug (D:4)
  7 leopard geckos
  114 orcs
  8 giant cockroaches
  24 goblins
  11 hobgoblins
  7 jackals
  6 quokkas
  2 ball pythons (Sewer)
  10 bats
  5 frilled lizards
  3 goblin skeletons (D:12)
  2 goblin zombies (D:12)
  3 hobgoblin zombies (D:12)
  A jackal skeleton (D:7)
  A jackal zombie (D:9)
  19 kobolds
  A leopard gecko skeleton (D:5)
  5 orc skeletons (D:12)
  12 orc zombies (D:12)
  2 quokka zombies (D:5)
  7 rats
  4 river rat simulacra (D:10)
  A fungus (Lair:4)
  A plant (Lair:1)
894 creatures vanquished.

Vanquished Creatures (collateral kills)
  A bullfrog (Lair:4)
1 creature vanquished.

Vanquished Creatures (others)
  2 entropy weavers (Lair:4)
  A hydra (Lair:6)
  A black mamba (Lair:6)
  A slime creature (D:13)
  An adder (D:4)
  A fungus (Lair:5)
7 creatures vanquished.

Grand Total: 902 creatures vanquished

Notes
Turn   | Place    | Note
-------+----------+-------------------------------------------
     0 | Abyss:1  | Gargoyl the Minotaur Abyssal Knight began the quest for the Orb.
     0 | Abyss:1  | Reached XP level 1. HP: 19/19 MP: 1/1
    29 | Abyss:2  | Noticed a smoke demon
    31 | Abyss:2  | Identified a scroll of acquirement
    33 | D:1      | Escaped the Abyss
   261 | D:1      | Reached * piety under Lugonu
   286 | D:1      | Reached XP level 2. HP: 27/27 MP: 2/2
   740 | D:2      | Found a hazy altar of Hepliaklqana.
   834 | D:2      | Reached XP level 3. HP: 33/33 MP: 3/3
   997 | D:2      | Found an iron altar of Okawaru.
  1272 | D:2      | Noticed Terence
  1287 | D:2      | Killed Terence
  1287 | D:2      | Reached XP level 4. HP: 36/41 MP: 4/4
  1345 | D:2      | Found a sparkling altar of Nemelex Xobeh.
  1648 | D:3      | Noticed Robin
  1651 | D:3      | Reached ** piety under Lugonu
  1672 | D:3      | Killed Robin
  2059 | D:3      | Found a glowing silver altar of Zin.
  2119 | D:3      | Reached XP level 5. HP: 47/47 MP: 5/5
  2156 | D:3      | Reached skill level 5 in Axes
  2543 | D:3      | Noticed an ogre
  2550 | D:3      | Killed an ogre
  2550 | D:3      | Reached XP level 6. HP: 53/53 MP: 6/6
  3113 | D:4      | Reached *** piety under Lugonu
  3394 | D:4      | Found a staircase to the Ecumenical Temple.
  3637 | D:5      | Entered Level 5 of the Dungeon
  3659 | D:5      | Reached skill level 5 in Fighting
  3659 | D:5      | Reached XP level 7. HP: 60/61 MP: 6/8
  3721 | D:5      | Noticed Edmund
  3740 | D:5      | Killed Edmund
  3900 | D:5      | Found a stormy altar of Qazlal.
  4282 | D:5      | Found a glowing drain.
  4304 | Sewer    | Entered a sewer
  4447 | Sewer    | Reached skill level 5 in Armour
  4563 | Sewer    | Reached XP level 8. HP: 69/69 MP: 9/9
  4652 | D:6      | Noticed Menkaure
  4664 | D:6      | Killed Menkaure
  4896 | D:6      | Found a hazy altar of Hepliaklqana.
  4955 | D:6      | Found a burning altar of Makhleb.
  4956 | D:6      | Found a blossoming altar of Fedhas.
  4962 | D:6      | Reached **** piety under Lugonu
  4986 | D:6      | Found a shimmering altar of Xom.
  4986 | D:6      | Found a deep blue altar of Sif Muna.
  4986 | D:6      | Found a white marble altar of Elyvilon.
  4987 | D:6      | Found a shattered altar of Ashenzari.
  5039 | D:6      | Found Siluicai's Distillery.
  5042 | D:6      | Bought a potion of curing for 30 gold pieces
  5042 | D:6      | Bought a potion of curing for 30 gold pieces
  5042 | D:6      | Bought a potion of heal wounds for 50 gold pieces
  5042 | D:6      | Bought a potion of heal wounds for 50 gold pieces
  5790 | D:7      | Noticed a hippogriff
  5812 | D:7      | Killed a hippogriff
  5812 | D:7      | Reached skill level 10 in Axes
  5812 | D:7      | Reached XP level 9. HP: 72/75 MP: 11/11
  6198 | D:7      | Reached ***** piety under Lugonu
  6219 | D:7      | Reached skill level 5 in Invocations
  6381 | D:7      | Found a glowing golden altar of the Shining One.
  7146 | D:8      | Found a hide-covered altar of Uskayaw.
  7363 | D:8      | Noticed a two-headed ogre
  7373 | D:8      | Killed a two-headed ogre
  7373 | D:8      | Reached XP level 10. HP: 65/86 MP: 13/13
  7724 | D:9      | Found an opulent altar of Gozag.
  8573 | D:10     | Entered Level 10 of the Dungeon
  8573 | D:10     | Found a staircase to the Lair.
  8573 | D:10     | Noticed an elephant
  8613 | D:10     | Killed an elephant
  8683 | D:10     | Found a bloodstained altar of Trog.
  8872 | D:10     | Reached skill level 10 in Armour
  8872 | D:10     | Reached XP level 11. HP: 91/95 MP: 15/15
  8934 | D:10     | Noticed a necromancer
  8950 | D:10     | Killed a necromancer
  9235 | D:10     | Noticed Harold
  9253 | D:10     | Killed Harold
  9336 | D:10     | Reached ****** piety under Lugonu
  9720 | Lair:1   | Entered Level 1 of the Lair of Beasts
 11121 | Lair:2   | Reached XP level 12. HP: 105/105 MP: 17/17
 12690 | Lair:3   | Reached skill level 5 in Dodging
 13237 | Lair:4   | Found a staircase to the Swamp.
 13290 | Lair:4   | Found a hole to the Spider Nest.
 13609 | Lair:4   | Reached skill level 10 in Fighting
 13892 | Lair:4   | Noticed a fire dragon
 13902 | Lair:4   | Killed a fire dragon
 14189 | Lair:4   | Gained mutation: You have large cloven feet. [potion of mutation]
 14189 | Lair:4   | Gained mutation: You have sharp fingernails. [potion of mutation]
 14659 | Lair:5   | Reached XP level 13. HP: 114/114 MP: 19/19
 14687 | Lair:5   | Noticed an entropy weaver
 14687 | Lair:5   | Noticed an entropy weaver
 14786 | Lair:4   | Banished an entropy weaver
 14986 | Lair:4   | Banished an entropy weaver
 14986 | Lair:4   | Reached skill level 15 in Axes
 16044 | Lair:6   | Entered Level 6 of the Lair of Beasts
 16128 | Lair:6   | Reached skill level 10 in Invocations
 16579 | Lair:6   | Found a staircase to the Slime Pits.
 16618 | Lair:6   | Found a large runed door.
 16618 | Lair:6   | Noticed a fire dragon
 16620 | Lair:6   | Found a large runed door.
 16676 | Lair:6   | Reached skill level 15 in Armour
 17267 | Lair:6   | Killed a fire dragon
 17903 | D:11     | Found Alisaeg's Armour Shoppe.
 17927 | D:11     | Bought a +0 hat of see invisible for 154 gold pieces
 18101 | D:11     | Gained mutation: You are dopey. (Int -2) [mutagenic meat]
 18102 | D:11     | Gained mutation: You have hoof-like feet. [mutagenic meat]
 18509 | D:12     | Reached XP level 14. HP: 106/125 MP: 19/21
 18688 | D:12     | Noticed Fannar
 18704 | D:12     | Killed Fannar
 18915 | D:12     | Found a staircase to the Orcish Mines.
 20018 | D:13     | Found a gate to the Vaults.
 20684 | D:13     | Lost mutation: You are dopey. (Int -2) [potion of mutation]
 20684 | D:13     | Lost mutation: You have sharp fingernails. [potion of mutation]
 20684 | D:13     | Lost mutation: You have hoof-like feet. [potion of mutation]
 20684 | D:13     | Lost mutation: You have large cloven feet. [potion of mutation]
 20684 | D:13     | Gained mutation: Your body sometimes deteriorates upon taking damage. [potion of mutation]
 20684 | D:13     | Gained mutation: You have supernaturally acute eyesight. (SInv) [potion of mutation]
 21038 | D:14     | Found a portal to a secret trove of treasure.
 21061 | D:14     | Got a smoking wooden ring
 21070 | D:14     | Identified the ring of Interdependent Arising {rF++ AC+1} (You found it on level 14 of the Dungeon)
 21404 | D:14     | Gained mutation: You tend to lose your temper in combat. [mutagenic meat]
 21614 | D:14     | Found Loubboji's Food Shoppe.
 21753 | D:14     | Noticed Sonja
 21765 | D:14     | Killed Sonja
 22363 | D:15     | Entered Level 15 of the Dungeon
 22623 | D:15     | Reached XP level 15. HP: 119/135 MP: 22/22
 22846 | D:15     | Found a staircase to the Depths.
 23088 | D:15     | Gained mutation: You have a somewhat thin skeletal structure. (Dex +2, Stealth) [mutagenic meat]
 23089 | D:15     | Gained mutation: You are robust. (+10% HP) [mutagenic meat]
 23090 | D:15     | Gained mutation: Your body often deteriorates upon taking damage. [mutagenic meat]
 23091 | D:15     | Gained mutation: You are very robust. (+20% HP) [mutagenic meat]
 23092 | D:15     | Gained mutation: You expend magic power (3 MP) to strengthen your wands. [mutagenic meat]
 23630 | Orc:1    | Entered Level 1 of the Orcish Mines
 23855 | Orc:2    | Entered Level 2 of the Orcish Mines
 23988 | Orc:2    | Found a staircase to the Elven Halls.
 24324 | Orc:1    | Found a roughly hewn altar of Beogh.
 25037 | Orc:2    | Found Uceag's Magic Scroll Emporium.
 25037 | Orc:2    | Found Irphac's Gadget Emporium.
 25042 | Orc:2    | Found Toechurupp's Jewellery Emporium.
 25042 | Orc:2    | Found Sawoted's Assorted Antiques.
 25179 | Orc:2    | Bought a scroll of enchant weapon for 292 gold pieces
 25185 | Orc:2    | Bought a scroll of blinking for 112 gold pieces
 25185 | Orc:2    | Bought a scroll of teleportation for 45 gold pieces
 25185 | Orc:2    | Bought a scroll of teleportation for 45 gold pieces
 25185 | Orc:2    | Bought a scroll of teleportation for 45 gold pieces
 25787 | Depths:1 | Entered Level 1 of the Depths
 25883 | Depths:1 | Lost mutation: You are very robust. (+20% HP) [mutagenic meat]
 25884 | Depths:1 | Gained mutation: You are weak. (Str -2) [mutagenic meat]
 25885 | Depths:1 | Lost mutation: You are robust. (+10% HP) [mutagenic meat]
 25886 | Depths:1 | Gained mutation: You are very weak. (Str -4) [mutagenic meat]
 25900 | Depths:1 | Noticed a frost giant
 25915 | Depths:1 | Killed a frost giant
 25917 | Depths:1 | Demolished by a white very ugly thing

Skill      XL: |  1  2  3  4  5  6  7  8  9 10 11 12 13 14 15 |
---------------+----------------------------------------------+-----
Invocations    | 2 3 4 6 7 8 9 10 11 12 | 12.5
Fighting       | 4 5 6 7 8 9 10 11 13 14 | 14.4
Axes           | 3 4 6 7 8 10 11 12 14 15 16 17 | 17.7
Armour         | 3 5 7 8 10 11 14 15 16 17 | 17.2
Dodging        | 2 3 4 5 6 7 |  7.7
Throwing       | |  0.6
Stealth        | |  0.5
Shields        | |  0.5

Action                   |  1- 3 |  4- 6 |  7- 9 | 10-12 | 13-15 || total
-------------------------+-------+-------+-------+-------+-------++-------
Melee: Hand axe          |    97 |   194 |   477 |   482 |   839 ||  2089
       Headbutt          |    11 |    23 |    91 |   105 |   230 ||   460
       Kick              |       |       |       |     9 |   189 ||   198
       Battleaxe         |       |       |       |       |   188 ||   188
Throw: Javelin           |       |       |       |     3 |       ||     3
Invok: Depart the Abyss  |     1 |       |       |       |       ||     1
       Banish            |       |       |       |       |     4 ||     4
       Bend Space        |       |       |       |       |     2 ||     2
  Use: Scroll            |     8 |     5 |     9 |    11 |     8 ||    41
       Potion            |       |     2 |       |     1 |     1 ||     4
 Stab: Distracted        |       |       |       |       |     2 ||     2
  Eat: Chunk             |     1 |     7 |    11 |    23 |    49 ||    91
       Royal jelly       |       |     1 |       |       |     1 ||     2
       Bread ration      |       |       |       |       |     1 ||     1
Armor: Chain mail        |    95 |   156 |   372 |   331 |   724 ||  1678
Dodge: Dodged            |    51 |    55 |   193 |   229 |   594 ||  1122
Block: Buckler           |       |       |       |       |    25 ||    25
